 Dungeon Crawl Stone Soup version 0.29-a0-1027-gcd8c55af63 (webtiles) character file.

Game seed: 14794598677898636610

144 IdlyInterested the Trooper (level 5, -2/61 HPs)
             Began as a Demonspawn Fighter on Aug 12, 2022.
             Slain by an orc
             ... wielding a +0 flail
              (7 damage)
             ... on level 4 of the Dungeon.
             The game lasted 00:05:53 (3555 turns).

IdlyInterested the Trooper (Demonspawn Fighter)     Turns: 3555, Time: 00:05:54

Health: -2/61      AC:  8    Str: 16    XL:     5   Next: 5%
Magic:  5/5        EV:  5    Int: 13    God:
Gold:   265        SH:  4    Dex: 13    Spells: 4/4 levels left

rFire   . . .      SeeInvis .   a - +1 rapier
rCold   . . .      Faith    .   c - +0 buckler
rNeg    + . .      Spirit   .   b - +0 scale mail
rPois   .          Reflect  .   (no helmet)
rElec   .          Harm     .   (no cloak)
rCorr   .          Rampage  .   h - +0 pair of gloves
Will    .....                   i - +0 pair of boots
Stlth   ..........              (no amulet)
HPRegen 0.20/turn               o - ring of positive energy
MPRegen 0.09/turn               (no ring)

@: berserking, constricted, very quick
A: big brain 1, weakness stinger 1
a: no special abilities


You were on level 4 of the Dungeon.
You visited 1 branch of the dungeon, and saw 4 of its levels.

You collected 265 gold pieces.

Inventory:

Hand Weapons
 a - a +1 rapier (weapon)
Missiles
 k - 3 atropa-tipped darts (quivered)
 q - 5 poisoned darts
 v - 2 silver javelins
Armour
 b - a +0 scale mail (worn)
 c - a +0 buckler (worn)
 h - a +0 pair of gloves (worn)
 i - a +0 pair of boots (worn)
 l - a +0 buckler
 r - a +0 robe
Magical Staves
 f - a staff of air
 m - a staff of conjuration
 t - a staff of death
Jewellery
 o - a ring of positive energy (left hand)
Scrolls
 j - a scroll of identify
 n - 4 scrolls of teleportation
Potions
 d - a potion of might
 e - a potion of attraction
 g - 2 potions of curing
 s - a potion of resistance


   Skills:
 - Level 3.0 Fighting
 + Level 2.8 Short Blades
 - Level 2.6 Armour
 - Level 3.0 Stealth
 + Level 2.8 Shields
 + Level 2.2 Hexes


You had 4 spell levels left.
You didn't know any spells.
Your spell library was empty.

Dungeon Overview and Level Annotations

Branches:
Dungeon (4/15)
 Temple: D:4-7

Altars:


Innate Abilities, Weirdness & Mutations

You have an unusually large brain. (Int +2)
You have a small tail.


Message History

You block the orc's attack. The orc hits you but does no damage.
You puncture the orc priest!
The orc priest is heavily wounded.
A ball python comes into view.
You block the orc's attack.
The orc priest hits you but does no damage.
You barely miss the orc priest.
The orc priest is heavily wounded.
The ball python hisses angrily.
The orc hits you with a +0 trident. You block the orc priest's attack.
You hit the orc priest.
The orc priest is heavily wounded.
The orc barely misses you. The orc hits you with a +0 trident.
The orc priest hits you with a +0 dagger.
You hit the orc priest.
The orc priest is severely wounded.
The orc barely misses you. x2
The orc priest mumbles some strange prayers to Beogh against you.
Beogh smites you!
* * * LOW HITPOINT WARNING * * *
The orc closely misses you.
A red film seems to cover your vision as you go berserk!
You feel yourself moving faster!
You feel mighty! The orc hits you but does no damage.
The orc barely misses you. The orc priest completely misses you.
You block the orc's attack.
You puncture the orc priest!
You kill the orc priest!
The orc closely misses you. The orc hits you but does no damage.
The orc hits you with a +0 short sword.
* * * LOW HITPOINT WARNING * * *
You have reached level 5!
You puncture the orc!
You kill the orc!
The ball python bites you but does no damage.
The ball python grabs you. The ball python constricts you.
You closely miss the ball python. The orc hits you with a +0 short sword.
* * * LOW HITPOINT WARNING * * *
The orc hits you with a +0 flail!
You die...

#o......#####....
#.......' .$.
#.>.....# .....
#.......# .....
#.......#+###.....
##+#...........#
#...........#
#o)o........#
#)@S........#
#...........#
######...........#
#....)..##+#####..
#.......#......#
#..<....'......#
#.......#......#
#.......#......#
#.......#......#


You could see 2 orcs and a ball python.

Vanquished Creatures
  An orc priest (D:4)
  An iguana (D:4)
  3 adders
  A worm (D:2)
  2 dart slugs (D:2)
  3 orcs
  6 ball pythons
  5 endoplasms
  4 giant cockroaches
  4 hobgoblins
  3 jackals (D:2)
  A quokka (D:2)
  2 bats (D:1)
  A frilled lizard (D:3)
  3 goblins
  8 kobolds
  6 rats
54 creatures vanquished.

Vanquished Creatures (others)
  An orc (D:4)
1 creature vanquished.

Grand Total: 55 creatures vanquished

Notes
Turn   | Place    | Note
-------+----------+-------------------------------------------
     0 | D:1      | IdlyInterested the Demonspawn Fighter began the quest for
                  | the Orb.
     0 | D:1      | Reached XP level 1. HP: 18/18 MP: 1/1
     2 | D:1      | Noticed a draconian
     2 | D:1      | Noticed a minotaur
     4 | D:1      | Noticed a naga
     6 | D:1      | Noticed a formicid
     8 | D:1      | Noticed a tengu
     8 | D:1      | Noticed an octopode
    10 | D:1      | Noticed an ogre
    12 | D:1      | Noticed a ghoul
    12 | D:1      | Noticed a spriggan
    14 | D:1      | Noticed an elf
    16 | D:1      | Noticed a demigod
    16 | D:1      | Noticed a vine stalker
    18 | D:1      | Noticed a human
    18 | D:1      | Noticed a dwarf
    20 | D:1      | Noticed a troll
    20 | D:1      | Noticed a gargoyle
    22 | D:1      | Noticed a demonspawn
    22 | D:1      | Noticed a vampire
    24 | D:1      | Noticed a merfolk
    24 | D:1      | Noticed a felid
   307 | D:1      | Reached skill level 1 in Stealth
   404 | D:1      | You fall into a shaft and drop 1 floor!
   412 | D:2      | Gained mutation: You have a small tail. [demonic ancestry]
   412 | D:2      | Reached XP level 2. HP: 22/24 MP: 2/2
   673 | D:2      | Found a faded altar of an unknown god.
   679 | D:2      | Reached skill level 1 in Hexes
   927 | D:2      | Gained mutation: You have an unusually large brain. (Int
                  | +2) [demonic ancestry]
   927 | D:2      | Reached XP level 3. HP: 28/29 MP: 3/3
  3066 | D:4      | Reached XP level 4. HP: 35/35 MP: 4/4
  3223 | D:4      | HP: 1/52 [iguana (4)]
  3554 | D:4      | Reached XP level 5. HP: 6/41 MP: 5/5
  3555 | D:4      | Slain by an orc

Illustrated notes

Levels and vault maps discovered:
D:1:      kb_arrival_jail, layout_loops_ring, minmay_misc_feat_tiny
D:2:      layout_loops_ring, ebering_ecumenical_altar_ruins,
          corexii_corridor_pit
D:3:      layout_basic, dreamdust_wishing_well
D:4:      layout_gridville, mainiacjoe_overflow_alcove_2,
          nicolae_qazlal_scattered_showers

Skill      XL: |  1  2  3  4 |
---------------+-------------+-----
Stealth        | 1 2 3 |  3.0
Short Blades   | 2 |  2.8
Hexes          | 1 2 |  2.2
Fighting       | |  3.0
Armour         | |  2.6
Shields        | |  2.8

Action                   |  1- 3 |  4- 6 || total
-------------------------+-------+-------++-------
Melee: Rapier            |   152 |    27 ||   179
       Tailslap          |    15 |     1 ||    16
  Use: Scroll            |     7 |     1 ||     8
       Potion            |       |     2 ||     2
 Stab: Sleeping          |     4 |     1 ||     5
Armor: Scale mail        |    46 |     5 ||    51
       Robe              |     7 |     3 ||    10
Dodge: Dodged            |    49 |    16 ||    65
Block: Buckler           |    33 |     7 ||    40

Table legend: (Time is in decaauts)
 A = Elapsed time spent in this place.
 B = Non-inter-level travel time spent in this place.
 C = Inter-level travel time spent in this place.
 D = Time resting spent in this place.
 E = Time spent auto-exploring this place.
 F = Levels seen in this place.
 G = Mean time per level.
                   A        B        C        D        E       F      G
               +--------+--------+--------+--------+--------+-----+--------+
         Total |   3593 |   3258 |    335 |    472 |   2134 |   4 |  898.2 |
       Dungeon |   3593 |   3258 |    335 |    472 |   2134 |   4 |  898.2 |
               +--------+--------+--------+--------+--------+-----+--------+

Top non-repeatable levels by time:
     D:1: 1156 daAuts
     D:2: 1044 daAuts
     D:3: 965 daAuts
     D:4: 426 daAuts
